Bruins vs Coyotes
Created - 14 mars 2014 at 19:05
Goals
|
| Bruins |
3 |
0 |
1 |
4 |
| Coyotes |
0 |
2 |
1 |
3 |
|
Shots
|
| Bruins |
9 |
12 |
8 |
29 |
| Coyotes |
2 |
13 |
14 |
29 |
|
1st period
1. Bruins , Wojtek Wolski 42 (Eric Lindros, Daniel Briere) at 7:28 (PP)
2. Bruins , Eric Lindros 40 (Daniel Briere) at 7:37
3. Bruins , Matt Cooke 15 (Victor Oreskovich, Tom Gilbert) at 8:36
Penalties :
Chad Larose (Pho) for High sticking (Minor) at 7:21, Ryan O'Byrne (Bos) for Roughing (Double Minor) at 8:47, Tom Poti (Pho) for Interference (Minor) at 16:55
2nd period
4. Coyotes , Craig Adams 4 (Joël Perrault, Lukas Krajicek) at 6:24
5. Coyotes , Drew Miller 22 (Chad Larose) at 11:43 (SH)
Penalties :
Tim Connolly (Pho) for Interference (Minor) at 2:52, Jiri Fischer (Pho) for Tripping (Minor) at 11:03, Bill Guerin (Pho) for Hooking (Minor) at 17:38
3rd period
6. Bruins , Wojtek Wolski 43 (Eric Lindros) at 8:53
7. Coyotes , Brenden Morrow 23 (Frans Nielsen, Denis Grebeshkov) at 14:05 (PP)
Penalties :
Ryan O'Byrne (Bos) for Interference (Minor) at 0:09, Dave Bolland (Bos) for Roughing (Minor) at 2:34, Craig Adams (Pho) for Holding (Minor) at 5:20, Lukas Krajicek (Pho) for Tripping (Minor) at 11:50, Richard Lintner (Bos) for Hooking (Minor) at 12:45
Goalie Stats
Evgeni Nabokov (Bos), 26 saves from 29 shots - (0,897), W, 38-15-5, 60:00 minutes
Al Montoya (Pho), 25 saves from 29 shots - (0,862), L, 5-5-1, 59:03 minutes
Players Stats for Bruins
Player Name G A P +/- PIM S H SB GA TA FO MP PP MP PK MP
------------------------------------------------------------------------------------
Christoph Schubert 0 0 0 0 0 0 2 0 0 1 0/0 13:38 0:00 4:13
Daniel Briere 0 2 2 2 0 1 0 1 2 0 4/8 22:30 6:34 2:41
Dave Bolland 0 0 0 1 2 1 1 0 0 0 3/5 10:18 0:00 0:00
Eric Lindros 1 2 3 2 0 4 3 0 0 0 21/37 24:43 6:43 3:59
Éric Perrin 0 0 0 0 0 0 0 0 0 0 0/1 7:56 0:00 2:01
Jeff Carter 0 0 0 -2 0 7 0 1 1 0 4/8 14:36 4:14 0:00
Mark Stuart 0 0 0 0 0 0 0 1 1 1 0/0 16:15 0:00 4:23
Martin Erat 0 0 0 0 0 1 1 0 0 0 0/0 6:08 0:09 0:00
Matt Cooke 1 0 1 1 0 1 0 0 1 0 0/0 11:01 0:00 0:52
Michal Grosek 0 0 0 0 0 0 0 0 0 0 0/0 5:55 0:00 0:00
Richard Lintner 0 0 0 -1 2 0 1 2 0 1 0/0 21:57 4:22 3:44
Ryan O'Byrne 0 0 0 0 6 1 1 1 0 1 0/0 24:21 4:23 0:56
Scott Hartnell 0 0 0 -2 0 3 2 2 0 0 0/0 17:39 4:14 2:41
Tom Gilbert 0 1 1 1 0 0 2 1 0 0 0/0 17:19 6:34 0:04
Victor Oreskovich 0 1 1 1 0 1 1 0 0 1 0/0 10:22 0:09 0:00
Vitali Yachmenev 0 0 0 -2 0 2 0 0 0 0 1/4 14:36 4:14 0:00
Wojtek Wolski 2 0 2 2 0 6 3 0 1 0 1/2 24:44 6:34 4:12
Zdeno Chara 0 0 0 2 0 1 2 2 1 1 0/0 26:40 6:34 3:06
Players Stats for Coyotes
Player Name G A P +/- PIM S H SB GA TA FO MP PP MP PK MP
------------------------------------------------------------------------------------
Bill Guerin 0 0 0 0 2 1 1 1 0 0 0/0 14:03 3:34 0:00
Brenden Morrow 1 0 1 -2 0 2 2 0 0 0 0/0 21:30 4:18 2:35
Chad Larose 0 1 1 1 2 1 1 0 0 1 6/10 14:53 0:23 6:11
Craig Adams 1 0 1 0 2 5 1 1 0 0 0/1 10:21 0:00 3:07
Denis Grebeshkov 0 1 1 0 0 2 0 1 1 0 0/0 22:09 3:34 4:31
Drew Miller 1 0 1 1 0 1 0 0 1 0 0/0 16:55 3:38 5:49
Frans Nielsen 0 1 1 0 0 2 1 0 0 1 7/11 18:16 3:50 4:06
Jiri Fischer 0 0 0 -1 2 0 0 1 0 0 0/0 16:58 0:16 3:48
Joël Perrault 0 1 1 0 0 1 0 0 0 0 2/5 7:28 0:00 0:03
Kurt Sauer 0 0 0 -2 0 0 2 0 0 1 0/0 28:48 4:39 6:14
Lukas Krajicek 0 1 1 2 2 1 0 0 0 1 0/0 10:41 0:16 1:33
Marian Gaborik 0 0 0 -2 0 4 4 0 1 0 1/1 18:45 4:00 0:00
Maxim Lapierre 0 0 0 0 0 0 0 0 1 0 3/7 7:27 0:00 0:00
Riley Cote 0 0 0 0 0 0 2 0 0 0 0/0 7:14 0:00 0:03
Sami Lepisto 0 0 0 1 0 1 0 0 0 1 0/0 11:56 3:18 0:12
Sergei Samsonov 0 0 0 0 0 2 0 0 0 1 1/2 11:13 0:40 0:00
Tim Connolly 0 0 0 -2 2 5 0 0 0 1 11/28 19:27 4:00 0:00
Tom Poti 0 0 0 -2 2 1 1 0 2 0 0/0 29:48 4:39 5:36
3 Stars
1 - Wojtek Wolski (Bos)
2 - Eric Lindros (Bos)
3 - Daniel Briere (Bos)
Power Play
Bruins - 1 on 7 Attempt(s) - 14,29%
Coyotes - 1 on 6 Attempt(s) - 16,67%
Penalty Kill
Bruins - 5 on 6 Attempt(s) - 83,33%
- Score 0 goal in Penalty Kill
Coyotes - 6 on 7 Attempt(s) - 85,71%
- Score 1 goal in Penalty Kill
Official
Referees : Marouelli Dan and Sutherland Kelly
Linesman : Steve Barton and Tim Nowak
Game Notes
15:37 of 2nd period - Coyotes goal is going for a video replay. After video review, No Goal. The net was displaced accidentally.
10:51 of 3rd period - Penalty Shot by Eric Lindros for Bruins - Shot Misses the Net
Finance
Level 1 -- Attendance: 4332 (72,20%) -- Ticket Income 411 540 $
Level 2 -- Attendance: 3328 (66,56%) -- Ticket Income 189 696 $
Level 3 -- Attendance: 1477 (73,85%) -- Ticket Income 47 264 $
Level 4 -- Attendance: 3943 (98,58%) -- Ticket Income 70 974 $
Luxury Box -- Attendance: 748 (74,80%) -- Ticket Income 142 120 $
Game was played at the The Pack Center
Total Attendance: 13828 (76,82%)
Total Ticket Income: 861 594 $
Other Income: 129 239 $
Total Income: 990 833 $
Bruins
5 vs 5 Forward
Center Left Wing Right Wing Time % Phy DF OF
1 Eric Lindros Wojtek Wolski Daniel Briere 40 0 2 3
2 Jeff Carter Scott Hartnell Vitali Yachmenev 30 1 2 2
3 Dave Bolland Matt Cooke Victor Oreskovich 20 1 2 2
4 Éric Perrin Michal Grosek Martin Erat 10 1 2 2
5 vs 5 Defense
Defense Defense Time % Phy DF OF
1 Ryan O'Byrne Zdeno Chara 40 1 2 2
2 Mark Stuart Richard Lintner 30 1 2 2
3 Christoph Schubert Tom Gilbert 20 1 2 2
4 Ryan O'Byrne Zdeno Chara 10 1 2 2
PowerPlay Forward
Center Left Wing Right Wing Time % Phy DF OF
1 Eric Lindros Wojtek Wolski Daniel Briere 60 1 2 2
2 Jeff Carter Scott Hartnell Vitali Yachmenev 40 1 2 2
PowerPlay Defense
Defense Defense Time % Phy DF OF
1 Tom Gilbert Zdeno Chara 60 1 2 2
2 Ryan O'Byrne Richard Lintner 40 1 2 2
Penalty Kill 4 Players Forward
Center Wing Time % Phy DF OF
1 Eric Lindros Wojtek Wolski 60 1 2 2
2 Daniel Briere Scott Hartnell 40 1 2 2
Penalty Kill 4 Players Defense
Defense Defense Time % Phy DF OF
1 Christoph Schubert Ryan O'Byrne 60 1 2 2
2 Mark Stuart Richard Lintner 40 1 2 2
Penalty Kill - 3 Players Forward
Forward Time % Phy DF OF
1 Eric Lindros 60 1 2 2
2 Wojtek Wolski 40 1 2 2
Penalty Kill - 3 Players Defense
Defense Defense Time % Phy DF OF
1 Christoph Schubert Ryan O'Byrne 60 1 2 2
2 Mark Stuart Richard Lintner 40 1 2 2
4 vs 4 Forward
Center Wing Time % Phy DF OF
1 Eric Lindros Wojtek Wolski 60 1 2 2
2 Daniel Briere Scott Hartnell 40 1 2 2
4 vs 4 Defense
Defense Defense Time % Phy DF OF
1 Tom Gilbert Ryan O'Byrne 60 1 2 2
2 Mark Stuart Zdeno Chara 40 1 2 2
Last Minutes Offensive
Center Left Wing Right Wing Defense Defense
Eric Lindros Wojtek Wolski Daniel Briere Tom Gilbert Zdeno Chara
Last Minutes Defensive
Center Left Wing Right Wing Defense Defense
Eric Lindros Wojtek Wolski Daniel Briere Richard Lintner Ryan O'Byrne
Goaltenders
Starting : Evgeni Nabokov
Backup : Dan Cloutier
Extra Forwards
Normal : Victor Oreskovich, Martin Erat, Jeff Carter - PP : Victor Oreskovich, Martin Erat - PK : Éric Perrin
Extra Defensemen
Normal : Christoph Schubert, Zdeno Chara, Mark Stuart - PP : Christoph Schubert - PK : Zdeno Chara, Mark Stuart
Penalty Shots
Eric Lindros, Wojtek Wolski, Daniel Briere, Jeff Carter, Scott Hartnell
Coyotes
5 vs 5 Forward
Center Left Wing Right Wing Time % Phy DF OF
1 Tim Connolly Brenden Morrow Marian Gaborik 40 1 2 2
2 Frans Nielsen Sergei Samsonov Bill Guerin 30 1 2 2
3 Maxim Lapierre Drew Miller Chad Larose 25 1 2 2
4 Joël Perrault Riley Cote Craig Adams 5 1 2 2
5 vs 5 Defense
Defense Defense Time % Phy DF OF
1 Kurt Sauer Tom Poti 40 1 2 2
2 Jiri Fischer Denis Grebeshkov 30 1 2 2
3 Lukas Krajicek Sami Lepisto 20 1 2 2
4 Kurt Sauer Tom Poti 10 1 2 2
PowerPlay Forward
Center Left Wing Right Wing Time % Phy DF OF
1 Tim Connolly Brenden Morrow Marian Gaborik 60 1 2 2
2 Frans Nielsen Drew Miller Bill Guerin 40 1 2 2
PowerPlay Defense
Defense Defense Time % Phy DF OF
1 Kurt Sauer Tom Poti 60 1 2 2
2 Sami Lepisto Denis Grebeshkov 40 1 2 2
Penalty Kill 4 Players Forward
Center Wing Time % Phy DF OF
1 Chad Larose Drew Miller 60 1 2 2
2 Frans Nielsen Craig Adams 40 1 2 2
Penalty Kill 4 Players Defense
Defense Defense Time % Phy DF OF
1 Kurt Sauer Tom Poti 60 1 2 2
2 Jiri Fischer Denis Grebeshkov 40 1 2 2
Penalty Kill - 3 Players Forward
Forward Time % Phy DF OF
1 Chad Larose 60 1 2 2
2 Drew Miller 40 1 2 2
Penalty Kill - 3 Players Defense
Defense Defense Time % Phy DF OF
1 Kurt Sauer Tom Poti 60 1 2 2
2 Jiri Fischer Denis Grebeshkov 40 1 2 2
4 vs 4 Forward
Center Wing Time % Phy DF OF
1 Tim Connolly Marian Gaborik 60 1 2 2
2 Frans Nielsen Brenden Morrow 40 1 2 2
4 vs 4 Defense
Defense Defense Time % Phy DF OF
1 Kurt Sauer Tom Poti 60 1 2 2
2 Jiri Fischer Denis Grebeshkov 40 1 2 2
Last Minutes Offensive
Center Left Wing Right Wing Defense Defense
Tim Connolly Brenden Morrow Marian Gaborik Denis Grebeshkov Tom Poti
Last Minutes Defensive
Center Left Wing Right Wing Defense Defense
Frans Nielsen Drew Miller Chad Larose Kurt Sauer Jiri Fischer
Goaltenders
Starting : Al Montoya
Backup : Ryan Miller
Extra Forwards
Normal : Sergei Samsonov, Bill Guerin, Craig Adams - PP : Sergei Samsonov, Bill Guerin - PK : Craig Adams
Extra Defensemen
Normal : Lukas Krajicek, Tom Poti, Jiri Fischer - PP : Lukas Krajicek - PK : Lukas Krajicek, Jiri Fischer
Penalty Shots
Marian Gaborik, Brenden Morrow, Tim Connolly, Frans Nielsen, Drew Miller
% Time on Ice - Bruins
Lines # - Real PCT - Wanted PCT - Time Play
Normal Forward
1 - 31% - 40% - 11:49
2 - 28% - 30% - 10:44
3 - 26% - 20% - 10:09
4 - 15% - 10% - 5:55
Normal Defense
1 - 43% - 40% - 16:33
2 - 33% - 30% - 12:35
3 - 23% - 20% - 8:55
4 - 1% - 10% - 0:34
PP Forward
1 - 61% - 60% - 6:43
2 - 39% - 40% - 4:14
PP Defense
1 - 60% - 60% - 6:34
2 - 40% - 40% - 4:23
PK Forward
1 - 67% - 60% - 5:32
2 - 33% - 40% - 2:41
PK Defense
1 - 59% - 60% - 4:53
2 - 41% - 40% - 3:20
PK3 Forward
1 - 0% - 60%
2 - 0% - 40%
PK3 Defense
1 - 0% - 60%
2 - 0% - 40%
44 Forward
1 - 100% - 60% - 1:04
2 - 0% - 40% - 0:00
44 Defense
1 - 81% - 60% - 0:52
2 - 19% - 40% - 0:12
Last Minute Offensive - 0:00
Last Minute Defensive - 1:09
Total
Forward - 60:00
Defense - 60:00
|
% Time on Ice - Coyotes
Lines # - Real PCT - Wanted PCT - Time Play
Normal Forward
1 - 35% - 40% - 13:28
2 - 27% - 30% - 10:31
3 - 19% - 25% - 7:27
4 - 19% - 5% - 7:11
Normal Defense
1 - 43% - 40% - 16:25
2 - 33% - 30% - 12:48
3 - 20% - 20% - 7:50
4 - 4% - 10% - 1:34
PP Forward
1 - 53% - 60% - 4:23
2 - 47% - 40% - 3:50
PP Defense
1 - 57% - 60% - 4:39
2 - 43% - 40% - 3:34
PK Forward
1 - 72% - 60% - 7:56
2 - 28% - 40% - 3:01
PK Defense
1 - 61% - 60% - 6:44
2 - 39% - 40% - 4:13
PK3 Forward
1 - 0% - 60%
2 - 0% - 40%
PK3 Defense
1 - 0% - 60%
2 - 0% - 40%
44 Forward
1 - 95% - 60% - 1:01
2 - 5% - 40% - 0:03
44 Defense
1 - 95% - 60% - 1:01
2 - 5% - 40% - 0:03
Last Minute Offensive - 1:09
Last Minute Defensive - 0:00
Total
Forward - 60:00
Defense - 60:00
|
Play by Play
1st period
0:01 of 1st period - Eric Lindros wins face-off versus Tim Connolly in neutral zone.
0:08 of 1st period - Snap shot by Wojtek Wolski.
0:08 of 1st period - Shot Misses the Net.
0:10 of 1st period - Slapshot by Wojtek Wolski.
0:10 of 1st period - Deflect By Kurt Sauer.
0:10 of 1st period - Stopped by Al Montoya with a rebound.
0:28 of 1st period - Snap shot by Jeff Carter.
0:28 of 1st period - Shot Blocked by Bill Guerin.
0:30 of 1st period - Snap shot by Jeff Carter.
0:30 of 1st period - Stopped by Al Montoya without a rebound.
0:31 of 1st period - Frans Nielsen wins face-off versus Dave Bolland in Coyotes zone.
1:07 of 1st period - Snap shot by Bill Guerin.
1:07 of 1st period - Shot Blocked by Richard Lintner.
1:09 of 1st period - Wrist shot by Sergei Samsonov.
1:09 of 1st period - Stopped by Evgeni Nabokov without a rebound.
1:10 of 1st period - Jeff Carter wins face-off versus Maxim Lapierre in Bruins zone.
1:37 of 1st period - Christoph Schubert is hit by Marian Gaborik and loses puck.
1:56 of 1st period - Wrist shot by Martin Erat.
1:56 of 1st period - Shot Misses the Net.
2:04 of 1st period - Snap shot by Martin Erat.
2:04 of 1st period - Stopped by Al Montoya with a rebound.
3:02 of 1st period - Snap shot by Eric Lindros.
3:02 of 1st period - Deflect By Denis Grebeshkov.
3:02 of 1st period - Stopped by Al Montoya with a rebound.
3:22 of 1st period - Slapshot by Frans Nielsen.
3:22 of 1st period - Stopped by Evgeni Nabokov with a rebound.
3:24 of 1st period - Slapshot by Lukas Krajicek.
3:24 of 1st period - Shot Blocked by Richard Lintner.
3:26 of 1st period - Wrist shot by Bill Guerin.
3:26 of 1st period - Shot Blocked by Mark Stuart.
5:25 of 1st period - Wrist shot by Maxim Lapierre.
5:25 of 1st period - Shot Misses the Net.
6:02 of 1st period - Tom Poti is hit by Christoph Schubert and loses puck.
6:50 of 1st period - Wrist shot by Marian Gaborik.
6:50 of 1st period - Deflect By Tim Connolly.
6:50 of 1st period - Shot Misses the Net.
6:50 of 1st period - Puck is out of play.
6:51 of 1st period - Dave Bolland wins face-off versus Tim Connolly in Bruins zone.
7:06 of 1st period - Kurt Sauer is hit by Dave Bolland and loses puck.
7:21 of 1st period - Minor Penalty to Chad Larose for High sticking.
7:22 of 1st period - Eric Lindros wins face-off versus Craig Adams in Coyotes zone.
7:28 of 1st period - Wrist shot by Wojtek Wolski.
7:28 of 1st period - Goal by Wojtek Wolski - Bruins : 1 - Coyotes : 0.
7:29 of 1st period - Tim Connolly wins face-off versus Eric Lindros in neutral zone.
7:37 of 1st period - Wrist shot by Eric Lindros.
7:37 of 1st period - Goal by Eric Lindros - Bruins : 2 - Coyotes : 0.
7:38 of 1st period - Tim Connolly wins face-off versus Eric Lindros in neutral zone.
8:00 of 1st period - Icing by Wojtek Wolski.
8:01 of 1st period - Eric Lindros wins face-off versus Maxim Lapierre in Bruins zone.
8:01 of 1st period - Eric Lindros is hit by Tom Poti.
8:17 of 1st period - Wrist shot by Scott Hartnell.
8:17 of 1st period - Stopped by Al Montoya with a rebound.
8:36 of 1st period - Snap shot by Matt Cooke.
8:36 of 1st period - Goal by Matt Cooke - Bruins : 3 - Coyotes : 0.
8:37 of 1st period - Tim Connolly wins face-off versus Eric Lindros in neutral zone.
8:47 of 1st period - Double Minor Penalty to Ryan O'Byrne for Roughing.
8:48 of 1st period - Eric Lindros wins face-off versus Tim Connolly in Bruins zone.
8:58 of 1st period - Eric Lindros is hit by Marian Gaborik and loses puck.
9:26 of 1st period - Backhand shot by Wojtek Wolski.
9:26 of 1st period - Deflect By Eric Lindros.
9:26 of 1st period - Stopped by Al Montoya with a rebound.
9:37 of 1st period - Off-side.
9:38 of 1st period - Daniel Briere wins face-off versus Tim Connolly in neutral zone.
11:23 of 1st period - Off-side.
11:24 of 1st period - Daniel Briere wins face-off versus Sergei Samsonov in neutral zone.
11:31 of 1st period - Tom Poti is hit by Zdeno Chara and loses puck.
12:29 of 1st period - Wojtek Wolski is hit by Bill Guerin and loses puck.
12:47 of 1st period - Penalty to Ryan O'Byrne is over, Ryan O'Byrne is back on ice.
14:28 of 1st period - Denis Grebeshkov is hit by Scott Hartnell and loses puck.
15:04 of 1st period - Tom Poti is hit by Eric Lindros and loses puck.
15:28 of 1st period - Lukas Krajicek is hit by Tom Gilbert and loses puck.
15:39 of 1st period - Drew Miller is hit by Martin Erat and loses puck.
15:58 of 1st period - Zdeno Chara is hit by Brenden Morrow and loses puck.
16:48 of 1st period - Riley Cote is hit by Scott Hartnell and loses puck.
16:55 of 1st period - Minor Penalty to Tom Poti for Interference.
16:56 of 1st period - Chad Larose wins face-off versus Daniel Briere in Coyotes zone.
17:21 of 1st period - Richard Lintner is hit by Frans Nielsen and loses puck.
18:55 of 1st period - Penalty to Tom Poti is over, Tom Poti is back on ice.
Goals for this period are 3 for Bruins vs 0 for Coyotes.
Shots for this period are 9 for Bruins vs 2 for Coyotes.
2nd period
0:01 of 2nd period - Tim Connolly wins face-off versus Eric Lindros in neutral zone.
0:33 of 2nd period - Wrist shot by Scott Hartnell.
0:33 of 2nd period - Stopped by Al Montoya with a rebound.
0:35 of 2nd period - Slapshot by Ryan O'Byrne.
0:35 of 2nd period - Stopped by Al Montoya with a rebound.
0:37 of 2nd period - Snap shot by Zdeno Chara.
0:37 of 2nd period - Shot Blocked by Jiri Fischer.
0:53 of 2nd period - Slapshot by Jeff Carter.
0:53 of 2nd period - Stopped by Al Montoya with a rebound.
1:40 of 2nd period - Riley Cote is hit by Wojtek Wolski and loses puck.
2:15 of 2nd period - Snap shot by Jeff Carter.
2:15 of 2nd period - Stopped by Al Montoya without a rebound.
2:16 of 2nd period - Maxim Lapierre wins face-off versus Vitali Yachmenev in Coyotes zone.
2:27 of 2nd period - Slapshot by Denis Grebeshkov.
2:27 of 2nd period - Stopped by Evgeni Nabokov with a rebound.
2:29 of 2nd period - Snap shot by Chad Larose.
2:29 of 2nd period - Stopped by Evgeni Nabokov without a rebound.
2:30 of 2nd period - Eric Lindros wins face-off versus Tim Connolly in Bruins zone.
2:30 of 2nd period - Eric Lindros is hit by Kurt Sauer.
2:52 of 2nd period - Minor Penalty to Tim Connolly for Interference.
2:53 of 2nd period - Eric Lindros wins face-off versus Chad Larose in Coyotes zone.
3:26 of 2nd period - Wrist shot by Frans Nielsen.
3:26 of 2nd period - Shot Misses the Net.
4:52 of 2nd period - Penalty to Tim Connolly is over, Tim Connolly is back on ice.
5:50 of 2nd period - Snap shot by Craig Adams.
5:50 of 2nd period - Stopped by Evgeni Nabokov without a rebound.
5:51 of 2nd period - Joël Perrault wins face-off versus Éric Perrin in Bruins zone.
6:24 of 2nd period - Wrist shot by Craig Adams.
6:24 of 2nd period - Goal by Craig Adams - Bruins : 3 - Coyotes : 1.
6:25 of 2nd period - Frans Nielsen wins face-off versus Eric Lindros in neutral zone.
6:28 of 2nd period - Slapshot by Kurt Sauer.
6:28 of 2nd period - Deflect By Bill Guerin.
6:28 of 2nd period - Deflect By Wojtek Wolski.
6:28 of 2nd period - Shot Misses the Net.
6:28 of 2nd period - Puck is out of play.
6:29 of 2nd period - Frans Nielsen wins face-off versus Daniel Briere in Bruins zone.
6:30 of 2nd period - Wrist shot by Sergei Samsonov.
6:30 of 2nd period - Deflect By Bill Guerin.
6:30 of 2nd period - Shot Blocked by Daniel Briere.
6:30 of 2nd period - Puck is out of play.
6:31 of 2nd period - Eric Lindros wins face-off versus Frans Nielsen in Bruins zone.
6:59 of 2nd period - Icing by Jeff Carter.
7:00 of 2nd period - Vitali Yachmenev wins face-off versus Tim Connolly in Bruins zone.
7:07 of 2nd period - Backhand shot by Jeff Carter.
7:07 of 2nd period - Stopped by Al Montoya with a rebound.
7:09 of 2nd period - Snap shot by Scott Hartnell.
7:09 of 2nd period - Stopped by Al Montoya without a rebound.
7:10 of 2nd period - Tim Connolly wins face-off versus Eric Lindros in Coyotes zone.
7:20 of 2nd period - Wrist shot by Wojtek Wolski.
7:20 of 2nd period - Stopped by Al Montoya with a rebound.
7:22 of 2nd period - Slapshot by Zdeno Chara.
7:22 of 2nd period - Shot Misses the Net.
7:24 of 2nd period - Wrist shot by Wojtek Wolski.
7:24 of 2nd period - Stopped by Al Montoya with a rebound.
7:40 of 2nd period - Snap shot by Victor Oreskovich.
7:40 of 2nd period - Shot Blocked by Denis Grebeshkov.
8:04 of 2nd period - Wrist shot by Tim Connolly.
8:04 of 2nd period - Stopped by Evgeni Nabokov with a rebound.
8:06 of 2nd period - Snap shot by Tim Connolly.
8:06 of 2nd period - Shot Blocked by Jeff Carter.
8:10 of 2nd period - Slapshot by Marian Gaborik.
8:10 of 2nd period - Stopped by Evgeni Nabokov without a rebound.
8:11 of 2nd period - Frans Nielsen wins face-off versus Eric Lindros in Bruins zone.
8:12 of 2nd period - Snap shot by Sergei Samsonov.
8:12 of 2nd period - Shot Blocked by Zdeno Chara.
8:14 of 2nd period - Snap shot by Bill Guerin.
8:14 of 2nd period - Stopped by Evgeni Nabokov without a rebound.
8:15 of 2nd period - Eric Lindros wins face-off versus Frans Nielsen in Bruins zone.
8:29 of 2nd period - Wrist shot by Daniel Briere.
8:29 of 2nd period - Stopped by Al Montoya without a rebound.
8:30 of 2nd period - Maxim Lapierre wins face-off versus Daniel Briere in Coyotes zone.
9:27 of 2nd period - Snap shot by Marian Gaborik.
9:27 of 2nd period - Shot Blocked by Scott Hartnell.
10:39 of 2nd period - Snap shot by Sergei Samsonov.
10:39 of 2nd period - Shot Misses the Net.
10:41 of 2nd period - Snap shot by Sergei Samsonov.
10:41 of 2nd period - Deflect By Bill Guerin.
10:41 of 2nd period - Shot Blocked by Scott Hartnell.
10:41 of 2nd period - Puck is out of play.
10:42 of 2nd period - Eric Lindros wins face-off versus Frans Nielsen in Bruins zone.
10:55 of 2nd period - Wrist shot by Daniel Briere.
10:55 of 2nd period - Shot Misses the Net.
10:57 of 2nd period - Wrist shot by Daniel Briere.
10:57 of 2nd period - Shot Misses the Net.
11:03 of 2nd period - Minor Penalty to Jiri Fischer for Tripping.
11:04 of 2nd period - Eric Lindros wins face-off versus Chad Larose in Coyotes zone.
11:19 of 2nd period - Drew Miller is hit by Wojtek Wolski and loses puck.
11:30 of 2nd period - Zdeno Chara is hit by Craig Adams and loses puck.
11:35 of 2nd period - Snap shot by Frans Nielsen.
11:35 of 2nd period - Shot Blocked by Tom Gilbert.
11:37 of 2nd period - Slapshot by Tom Poti.
11:37 of 2nd period - Shot Misses the Net.
11:39 of 2nd period - Snap shot by Frans Nielsen.
11:39 of 2nd period - Deflect By Craig Adams.
11:39 of 2nd period - Stopped by Evgeni Nabokov without a rebound.
11:40 of 2nd period - Chad Larose wins face-off versus Jeff Carter in Bruins zone.
11:43 of 2nd period - Snap shot by Chad Larose.
11:43 of 2nd period - Deflect By Drew Miller.
11:43 of 2nd period - Goal by Drew Miller - Bruins : 3 - Coyotes : 2.
11:44 of 2nd period - Chad Larose wins face-off versus Eric Lindros in neutral zone.
12:17 of 2nd period - Snap shot by Jeff Carter.
12:17 of 2nd period - Stopped by Al Montoya without a rebound.
12:18 of 2nd period - Frans Nielsen wins face-off versus Vitali Yachmenev in Coyotes zone.
12:33 of 2nd period - Snap shot by Scott Hartnell.
12:33 of 2nd period - Shot Misses the Net.
13:03 of 2nd period - Penalty to Jiri Fischer is over, Jiri Fischer is back on ice.
13:19 of 2nd period - Victor Oreskovich is hit by Marian Gaborik and loses puck.
13:38 of 2nd period - Bill Guerin is hit by Christoph Schubert and loses puck.
13:51 of 2nd period - Eric Lindros is hit by Riley Cote and loses puck.
14:14 of 2nd period - Lukas Krajicek is hit by Victor Oreskovich.
14:20 of 2nd period - Wrist shot by Marian Gaborik.
14:20 of 2nd period - Stopped by Evgeni Nabokov with a rebound.
14:54 of 2nd period - Tom Poti is hit by Ryan O'Byrne and loses puck.
15:31 of 2nd period - Slapshot by Tom Poti.
15:31 of 2nd period - Shot Misses the Net.
15:35 of 2nd period - Backhand shot by Marian Gaborik.
15:35 of 2nd period - Shot Misses the Net.
15:37 of 2nd period - Wrist shot by Tim Connolly.
15:37 of 2nd period - Coyotes goal is going for a video replay.
15:37 of 2nd period - The goal is refused. The net was displaced accidentally..
15:38 of 2nd period - Tim Connolly wins face-off versus Eric Lindros in Bruins zone.
16:15 of 2nd period - Off-side.
16:16 of 2nd period - Frans Nielsen wins face-off versus Jeff Carter in neutral zone.
16:19 of 2nd period - Snap shot by Bill Guerin.
16:19 of 2nd period - Shot Misses the Net.
16:25 of 2nd period - Snap shot by Jeff Carter.
16:25 of 2nd period - Stopped by Al Montoya with a rebound.
16:27 of 2nd period - Slapshot by Zdeno Chara.
16:27 of 2nd period - Stopped by Al Montoya with a rebound.
16:41 of 2nd period - Zdeno Chara is hit by Brenden Morrow and loses puck.
16:46 of 2nd period - Snap shot by Marian Gaborik.
16:46 of 2nd period - Stopped by Evgeni Nabokov without a rebound.
16:47 of 2nd period - Tim Connolly wins face-off versus Eric Lindros in Bruins zone.
16:48 of 2nd period - Backhand shot by Marian Gaborik.
16:48 of 2nd period - Shot Misses the Net.
17:16 of 2nd period - Slapshot by Lukas Krajicek.
17:16 of 2nd period - Deflect By Vitali Yachmenev.
17:16 of 2nd period - Stopped by Evgeni Nabokov without a rebound.
17:17 of 2nd period - Eric Lindros wins face-off versus Frans Nielsen in Bruins zone.
17:38 of 2nd period - Minor Penalty to Bill Guerin for Hooking.
17:39 of 2nd period - Chad Larose wins face-off versus Eric Lindros in Coyotes zone.
19:00 of 2nd period - Jeff Carter is hit by Kurt Sauer and loses puck.
19:33 of 2nd period - Chad Larose is hit by Richard Lintner and loses puck.
19:38 of 2nd period - Penalty to Bill Guerin is over, Bill Guerin is back on ice.
Goals for this period are 0 for Bruins vs 2 for Coyotes.
Shots for this period are 12 for Bruins vs 13 for Coyotes.
3rd period
0:01 of 3rd period - Daniel Briere wins face-off versus Tim Connolly in neutral zone.
0:09 of 3rd period - Minor Penalty to Ryan O'Byrne for Interference.
0:10 of 3rd period - Tim Connolly wins face-off versus Eric Lindros in Bruins zone.
0:10 of 3rd period - Snap shot by Marian Gaborik.
0:10 of 3rd period - Shot Misses the Net.
2:09 of 3rd period - Penalty to Ryan O'Byrne is over, Ryan O'Byrne is back on ice.
2:17 of 3rd period - Snap shot by Jeff Carter.
2:17 of 3rd period - Shot Hit the Post.
2:23 of 3rd period - Wrist shot by Craig Adams.
2:23 of 3rd period - Stopped by Evgeni Nabokov without a rebound.
2:24 of 3rd period - Joël Perrault wins face-off versus Dave Bolland in Bruins zone.
2:27 of 3rd period - Slapshot by Craig Adams.
2:27 of 3rd period - Stopped by Evgeni Nabokov with a rebound.
2:29 of 3rd period - Wrist shot by Joël Perrault.
2:29 of 3rd period - Stopped by Evgeni Nabokov with a rebound.
2:31 of 3rd period - Backhand shot by Denis Grebeshkov.
2:31 of 3rd period - Stopped by Evgeni Nabokov without a rebound.
2:32 of 3rd period - Dave Bolland wins face-off versus Joël Perrault in Bruins zone.
2:34 of 3rd period - Minor Penalty to Dave Bolland for Roughing.
2:35 of 3rd period - Eric Lindros wins face-off versus Tim Connolly in Bruins zone.
4:34 of 3rd period - Penalty to Dave Bolland is over, Dave Bolland is back on ice.
4:42 of 3rd period - Icing by Mark Stuart.
4:43 of 3rd period - Daniel Briere wins face-off versus Joël Perrault in Bruins zone.
4:43 of 3rd period - Daniel Briere is hit by Riley Cote.
4:53 of 3rd period - Wrist shot by Matt Cooke.
4:53 of 3rd period - Shot Blocked by Craig Adams.
4:58 of 3rd period - Icing by Jiri Fischer.
4:59 of 3rd period - Jeff Carter wins face-off versus Joël Perrault in Coyotes zone.
5:20 of 3rd period - Minor Penalty to Craig Adams for Holding.
5:21 of 3rd period - Eric Lindros wins face-off versus Chad Larose in Coyotes zone.
5:30 of 3rd period - Snap shot by Wojtek Wolski.
5:30 of 3rd period - Stopped by Al Montoya without a rebound.
5:31 of 3rd period - Chad Larose wins face-off versus Eric Lindros in Coyotes zone.
5:43 of 3rd period - Drew Miller is hit by Wojtek Wolski and loses puck.
6:00 of 3rd period - Snap shot by Wojtek Wolski.
6:00 of 3rd period - Shot Misses the Net.
6:02 of 3rd period - Snap shot by Daniel Briere.
6:02 of 3rd period - Deflect By Eric Lindros.
6:02 of 3rd period - Shot Misses the Net.
6:02 of 3rd period - Puck is out of play.
6:03 of 3rd period - Frans Nielsen wins face-off versus Jeff Carter in Coyotes zone.
7:20 of 3rd period - Penalty to Craig Adams is over, Craig Adams is back on ice.
7:52 of 3rd period - Snap shot by Marian Gaborik.
7:52 of 3rd period - Shot Misses the Net.
8:31 of 3rd period - Victor Oreskovich is hit by Chad Larose and loses puck.
8:42 of 3rd period - Jiri Fischer is hit by Eric Lindros and loses puck.
8:53 of 3rd period - Snap shot by Wojtek Wolski.
8:53 of 3rd period - Goal by Wojtek Wolski - Bruins : 4 - Coyotes : 2.
8:54 of 3rd period - Tim Connolly wins face-off versus Eric Lindros in neutral zone.
9:45 of 3rd period - Slapshot by Matt Cooke.
9:45 of 3rd period - Shot Misses the Net.
9:51 of 3rd period - Wrist shot by Matt Cooke.
9:51 of 3rd period - Deflect By Dave Bolland.
9:51 of 3rd period - Shot Misses the Net.
9:51 of 3rd period - Puck is out of play.
9:52 of 3rd period - Eric Lindros wins face-off versus Tim Connolly in Coyotes zone.
10:07 of 3rd period - Snap shot by Brenden Morrow.
10:07 of 3rd period - Shot Misses the Net.
10:23 of 3rd period - Off-side.
10:24 of 3rd period - Jeff Carter wins face-off versus Tim Connolly in neutral zone.
10:27 of 3rd period - Slapshot by Tom Gilbert.
10:27 of 3rd period - Deflect By Vitali Yachmenev.
10:27 of 3rd period - Stopped by Al Montoya with a rebound.
10:29 of 3rd period - Slapshot by Vitali Yachmenev.
10:29 of 3rd period - Stopped by Al Montoya without a rebound.
10:30 of 3rd period - Eric Lindros wins face-off versus Tim Connolly in Coyotes zone.
10:51 of 3rd period - Penalty Shot by Eric Lindros for Bruins.
10:51 of 3rd period - Snap shot by Eric Lindros.
10:51 of 3rd period - Shot Misses the Net.
10:52 of 3rd period - Sergei Samsonov wins face-off versus Jeff Carter in Bruins zone.
10:55 of 3rd period - Snap shot by Frans Nielsen.
10:55 of 3rd period - Shot Misses the Net.
11:17 of 3rd period - Frans Nielsen is hit by Zdeno Chara.
11:30 of 3rd period - Slapshot by Tom Poti.
11:30 of 3rd period - Shot Misses the Net.
11:32 of 3rd period - Slapshot by Sergei Samsonov.
11:32 of 3rd period - Deflect By Frans Nielsen.
11:32 of 3rd period - Stopped by Evgeni Nabokov with a rebound.
11:34 of 3rd period - Slapshot by Tom Poti.
11:34 of 3rd period - Stopped by Evgeni Nabokov with a rebound.
11:36 of 3rd period - Snap shot by Bill Guerin.
11:36 of 3rd period - Shot Misses the Net.
11:38 of 3rd period - Slapshot by Frans Nielsen.
11:38 of 3rd period - Shot Misses the Net.
11:42 of 3rd period - Wrist shot by Sergei Samsonov.
11:42 of 3rd period - Stopped by Evgeni Nabokov without a rebound.
11:43 of 3rd period - Wojtek Wolski wins face-off versus Tim Connolly in Bruins zone.
11:43 of 3rd period - Wojtek Wolski is hit by Marian Gaborik.
11:50 of 3rd period - Minor Penalty to Lukas Krajicek for Tripping.
11:51 of 3rd period - Eric Lindros wins face-off versus Chad Larose in Coyotes zone.
12:16 of 3rd period - Kurt Sauer is hit by Eric Lindros.
12:39 of 3rd period - Off-side.
12:40 of 3rd period - Chad Larose wins face-off versus Vitali Yachmenev in neutral zone.
12:45 of 3rd period - Minor Penalty to Richard Lintner for Hooking.
12:46 of 3rd period - Tim Connolly wins face-off versus Wojtek Wolski in Bruins zone.
12:53 of 3rd period - Wrist shot by Tim Connolly.
12:53 of 3rd period - Shot Blocked by Ryan O'Byrne.
12:55 of 3rd period - Snap shot by Tim Connolly.
12:55 of 3rd period - Stopped by Evgeni Nabokov without a rebound.
12:56 of 3rd period - Eric Lindros wins face-off versus Tim Connolly in Bruins zone.
13:09 of 3rd period - Snap shot by Eric Lindros.
13:09 of 3rd period - Stopped by Al Montoya without a rebound.
13:10 of 3rd period - Eric Lindros wins face-off versus Tim Connolly in Coyotes zone.
13:50 of 3rd period - Penalty to Lukas Krajicek is over, Lukas Krajicek is back on ice.
13:59 of 3rd period - Wrist shot by Brenden Morrow.
13:59 of 3rd period - Stopped by Evgeni Nabokov with a rebound.
14:05 of 3rd period - Wrist shot by Brenden Morrow.
14:05 of 3rd period - Goal by Brenden Morrow - Bruins : 4 - Coyotes : 3.
14:06 of 3rd period - Jeff Carter wins face-off versus Tim Connolly in neutral zone.
14:19 of 3rd period - Slapshot by Marian Gaborik.
14:19 of 3rd period - Shot Blocked by Zdeno Chara.
14:21 of 3rd period - Snap shot by Tim Connolly.
14:21 of 3rd period - Stopped by Evgeni Nabokov without a rebound.
14:22 of 3rd period - Maxim Lapierre wins face-off versus Daniel Briere in Bruins zone.
15:13 of 3rd period - Off-side.
15:14 of 3rd period - Eric Lindros wins face-off versus Maxim Lapierre in neutral zone.
16:06 of 3rd period - Snap shot by Jeff Carter.
16:06 of 3rd period - Stopped by Al Montoya with a rebound.
16:08 of 3rd period - Wrist shot by Jeff Carter.
16:08 of 3rd period - Shot Misses the Net.
16:26 of 3rd period - Lukas Krajicek is hit by Tom Gilbert and loses puck.
18:42 of 3rd period - Snap shot by Victor Oreskovich.
18:42 of 3rd period - Deflect By Dave Bolland.
18:42 of 3rd period - Stopped by Al Montoya without a rebound.
18:43 of 3rd period - Dave Bolland wins face-off versus Maxim Lapierre in Coyotes zone.
18:44 of 3rd period - Snap shot by Matt Cooke.
18:44 of 3rd period - Shot Misses the Net.
18:50 of 3rd period - Snap shot by Victor Oreskovich.
18:50 of 3rd period - Stopped by Al Montoya without a rebound.
18:51 of 3rd period - Claude Julien call a timeout for Coyotes.
18:51 of 3rd period - Marian Gaborik wins face-off versus Eric Lindros in Coyotes zone.
18:56 of 3rd period - Wrist shot by Sami Lepisto.
18:56 of 3rd period - Stopped by Evgeni Nabokov without a rebound.
18:57 of 3rd period - Eric Lindros wins face-off versus Tim Connolly in Bruins zone.
19:03 of 3rd period - Coyotes, Al Montoya is pulled from the net.
19:03 of 3rd period - Slapshot by Tim Connolly.
19:03 of 3rd period - Stopped by Evgeni Nabokov without a rebound.
19:04 of 3rd period - Eric Lindros wins face-off versus Tim Connolly in Bruins zone.
19:57 of 3rd period - Wrist shot by Marian Gaborik.
19:57 of 3rd period - Stopped by Evgeni Nabokov without a rebound.
19:58 of 3rd period - Tim Connolly wins face-off versus Eric Lindros in Bruins zone.
Goals for this period are 1 for Bruins vs 1 for Coyotes.
Shots for this period are 8 for Bruins vs 14 for Coyotes.
Output by the SimonT Hockey Simulator (STHS) for François Prévost -- Original Page W3C XHTML 1.0 Valid